Map: Tokamak LE

Players

Uzurpator - Winner!

  • Race: Protoss Protoss
  • League: Platinum
  • Spawn Location: 7:00

ManlyManMeat

  • Race: Protoss Protoss
  • League: Platinum
  • Spawn Location: 1:00

VOD

Have the link to the VOD?

Description

Time

  • Played on: June 19, 2025, 12:11 p.m.
  • Length: 8:03
Show
View Real Time Build Order
Export as new Build Order

Uzurpator Protoss - Winner!

Build Orders:  

Get SALT Encoding   

  1  0:00  Probe  
  12  0:06  Probe  
  14  0:20  Pylon  
  14  0:23  Probe  
  15  0:38  Probe  
  16  0:43  Gateway  
  16  0:50  Gateway  
  16  1:00  Gateway  
  16  1:06  Pylon  
  16  1:09  Probe  
  17  1:17  Assimilator  
  17  1:21  Assimilator, Zealot  
  19  1:37  Zealot  
  21  1:44  Cybernetics Core  
  21  1:49  Zealot  
  23  1:58  Probe  
  23  1:59  Zealot  
  24  2:02  Zealot  
  28  2:10  Probe  
  29  2:18  Zealot  
  31  2:26  Pylon  
  27  3:11  Zealot x2  
  27  3:12  Zealot  
  27  3:33  Zealot  
  25  3:38  Zealot x2  
  31  3:45  Nexus  
  31  3:50  Warp Gate  
  31  3:56  Adept  
  31  4:01  Twilight Council  
  33  4:05  Adept, Zealot  
  35  4:27  Charge  
  33  4:33  Adept x2  
  33  4:35  Adept  
  37  4:45  Assimilator  
  37  4:52  Assimilator  
  37  5:03  Adept x2  
  37  5:05  Adept  
  27  5:55  Adept x3  
  31  5:58  Probe x2  
  33  6:05  Stargate  
  33  6:10  Probe x2  
  35  6:22  Probe  
  35  6:23  Probe  
  33  6:59  Stalker x3  
  37  7:06  Gateway  
  37  7:07  Gateway  
  35  7:08  Gateway  
  31  7:22  Stalker  
  31  7:23  Stalker x2  
  37  7:38  Probe x2  
  39  7:49  Stalker x2  
  39  7:50  Probe x2, Stalker  
Show
View Real Time Build Order
Export as new Build Order

ManlyManMeat Protoss 

Build Orders: Nexus First 

Get SALT Encoding   

  12  0:43  Probe  
  12  0:48  Nexus  
  13  0:55  Probe  
  13  0:56  Pylon  
  14  1:08  Probe  
  15  1:18  Gateway, Probe  
  15  1:22  Assimilator  
  16  1:26  Probe  
  17  1:36  Probe  
  18  1:45  Probe  
  18  1:53  Probe  
  19  1:56  Assimilator  
  19  1:57  Probe  
  21  2:02  Probe  
  21  2:05  Cybernetics Core, Probe  
  22  2:12  Probe  
  22  2:15  Probe  
  24  2:20  Probe  
  25  2:23  Zealot  
  25  2:27  Probe  
  29  2:31  Pylon  
  29  2:53  Probe  
  29  2:54  Probe  
  23  3:15  Zealot  
  22  3:20  Probe  
  22  3:21  Pylon  
  19  3:32  Stalker  
  17  3:43  Probe  
  20  3:48  Gateway  
  20  3:52  Stalker  
  22  4:05  Probe  
  23  4:11  Warp Gate  
  23  4:16  Robotics Facility  
  16  4:32  Stalker  
  16  4:38  Probe  
  16  4:39  Probe  
  16  4:45  Stalker  
  20  4:52  Probe  
  23  4:54  Probe  
  24  5:12  Zealot  
  26  5:16  Probe x2  
  18  5:43  Probe x2, Stalker  
  18  5:56  Probe x2  
  19  6:04  Probe  
  20  6:14  Probe  
  21  6:25  Probe  
  21  6:27  Probe  
  19  6:47  Probe x2  
  17  7:02  Probe  
  17  7:06  Probe  
  17  7:13  Probe  
  15  7:21  Probe  
  17  7:31  Probe  
  17  7:35  Probe  
  19  7:42  Probe  
  20  7:47  Probe  
  21  7:52  Stalker  
Tags
 
Matchup
PvP
Replay Pack
Myownreplay2
Spawn Locations
Cross Positions
Add a new tag
Caveats
  • Supply blocks, unpowered buildings, or Contaminate may cause inaccurate times.
  • Supply counts are checked every 10 seconds.